 Dungeon Crawl Stone Soup version 0.31.0-11-ge490571c62 (webtiles) character file.

Game seed: 4131678983714534745

224915 nightchill the Warrior (level 18, -6/226 HPs)
             Began as a Minotaur Fighter on Jan 31, 2024.
             Was a Priest of Elyvilon.
             Killed by divine providence
             ... invoked by a living spell
             ... summoned by a walking divine tome
              (16 damage)
             ... on level 2 of the Depths on Feb 2, 2024.
             The game lasted 02:09:09 (41022 turns).

nightchill the Warrior (Minotaur Fighter)          Turns: 41022, Time: 02:09:09

Health: -6/226     AC: 33    Str: 30    XL:     18   Next: 98%
Magic:  26/26      EV: 10    Int:  2    God:    Elyvilon [***...]
Gold:   3276       SH: 19    Dex:  7    Spells: 17/17 levels left

rFire   + . .        I - +4 war axe (freeze)
rCold   + + +        c - +3 tower shield
rNeg    + . .        O - melded +0 chain mail of Perfidy {rPois Dex+3}
rPois   ∞            k - +2 hat
rElec   +            Y - +2 cloak
rCorr   .            K - melded +2 pair of gloves {hurl}
SInv    .            V - melded +3 pair of boots of the Dwarven Hall {rPois}
Will    ++...        B - amulet of Vitality {RegenMP++ Regen++}
Stlth   ++           b - ring "Jimek" {rElec rC+ Will+ Str+2 Int-3}
HPRegen 2.17/turn    U - ring "Nuduil" {rElec rF+ rC++ Dex-4 Stlth+}
MPRegen 1.00/turn

%: no passive effects
@: statue-form, very slow
A: slow and powerful, torment resistance 1, boosted hp, horns 2, retaliatory
headbutt
a: Begin Untransformation, Renounce Religion, Purification, Heal Other, Heal
Self


You were on level 2 of the Depths.
You worshipped Elyvilon.
Elyvilon was most pleased with you.
You were a living statue of rough stone.
You visited 7 branches of the dungeon, and saw 32 of its levels.
You also visited: Bailey.

You collected 3471 gold pieces.
You spent 195 gold pieces at shops.

Inventory:

Hand Weapons
 a - a +0 broad axe of venom
 w - a +2 antimagic war axe
 I - a +4 war axe of freezing (weapon)
Missiles
 y - 13 curare-tipped darts (quivered)
 P - a throwing net
Armour
 c - a +3 tower shield (worn)
 k - a +2 hat (worn)
 K - a +2 pair of gloves of hurling (melded)
 O - the +0 chain mail of Perfidy (melded) {rPois Dex+3}
   (You found it on level 1 of the Lair of Beasts)

   Dex+3:     It affects your dexterity (+3).
   rPois:     It protects you from poison
 V - the +3 pair of boots of the Dwarven Hall (melded) {rPois}
   (You found it on level 3 of the Shoals)

   rPois:     It protects you from poison
 Y - a +2 cloak (worn)
Jewellery
 b - the ring "Jimek" (left fist) {rElec rC+ Will+ Str+2 Int-3}
   (You took it off a merfolk siren on level 4 of the Shoals)

   [ring of protection from cold]

   Str+2:     It affects your strength (+2).
   Int-3:     It affects your intelligence (-3).
   rC+:       It protects you from cold.
   rElec:     It insulates you from electricity.
   Will+:     It increases your willpower.
 d - an amulet of the acrobat
 l - an amulet of reflection
 A - a ring of resist corrosion
 B - the amulet of Vitality (around neck) {RegenMP++ Regen++}
   (You acquired it on level 3 of the Spider Nest)

   [amulet of magic regeneration]

   RegenMP:   It increases your rate of magic regeneration.
   Regen++:   It increases your rate of health regeneration.
 C - a ring of protection from fire
 H - a ring of flight
 Q - a ring of protection from cold
 U - the ring "Nuduil" (right fist) {rElec rF+ rC++ Dex-4 Stlth+}
   (You found it on level 5 of the Lair of Beasts)

   [ring of protection from fire]

   Dex-4:     It affects your dexterity (-4).
   rF+:       It protects you from fire.
   rC++:      It greatly protects you from cold.
   rElec:     It insulates you from electricity.
   Stlth+:    It makes you more stealthy.
Talismans
 R - the granite talisman of Analysis (active) {rC+}
   (You found it on level 1 of the Lair of Beasts)

   [granite talisman]

   rC+:       It protects you from cold.
Wands
 g - a wand of polymorph (9)
 h - a wand of iceblast (68)
 j - a wand of flame (88)
 p - a wand of quicksilver (32)
 z - a wand of paralysis (74)
 S - a wand of digging (19)
 T - a wand of mindburst (4)
Scrolls
 e - 13 scrolls of teleportation
 s - 2 scrolls of blinking
 t - 3 scrolls of enchant weapon
 u - a scroll of amnesia
 v - 2 scrolls of butterflies
 x - 3 scrolls of fear
 D - a scroll of immolation
 G - 3 scrolls of noise
 L - 2 scrolls of revelation
 M - 3 scrolls of vulnerability
 W - a scroll of poison {unknown}
Potions
 f - 4 potions of mutation
 i - 3 potions of lignification
 m - 2 potions of attraction
 n - 3 potions of magic
 o - 5 potions of heal wounds
 q - a potion of berserk rage
 r - 14 potions of curing
 E - 3 potions of enlightenment
 J - 2 potions of invisibility
 N - a potion of brilliance
 X - 4 potions of ambrosia
 Z - a potion of haste
Miscellaneous
 F - a phantom mirror


   Skills:
 + Level 18.9 Fighting
 - Level 18.0 Axes
 - Level 9.0 Armour
 * Level 13.3 Shields
 - Level 12.7 Invocations
 + Level 17.0 Shapeshifting


You had 17 spell levels left.
You didn't know any spells.
Your spell library contained the following spells:

 Spells                   Type           Power      Damage    Failure   Level
 Apportation              Tloc           0%         N/A       83%         1
 Freeze                   Ice            0%         1d3       83%         1
 Magic Dart               Conj           0%         1d3       83%         1
 Slow                     Hex            0%         N/A       83%         1
 Sting                    Conj/Alch      0%         1d3       83%         1
 Blink                    Tloc           0%         N/A       92%         2
 Call Imp                 Summ           0%         N/A       92%         2
 Cigotuvi's Dreadful Rot  Necr/Alch/Air  0%         N/A       92%         2
 Jinxbite                 Hex            0%         N/A       92%         2
 Lesser Beckoning         Tloc           0%         N/A       92%         2
 Mercury Vapours          Alch/Air       0%         N/A       92%         2
 Momentum Strike          Conj/Tloc      0%         3d8       92%         2
 Scorch                   Fire           0%         2d5       92%         2
 Call Canine Familiar     Summ           0%         N/A       99%         3
 Confusing Touch          Hex            0%         N/A       99%         3
 Frozen Ramparts          Ice            0%         1d1       99%         3
 Gell's Gravitas          Tloc           0%         N/A       99%         3
 Hailstorm                Conj/Ice       0%         3d5       99%         3
 Inner Flame              Hex/Fire       0%         N/A       99%         3
 Sigil of Binding         Hex            0%         N/A       99%         3
 Summon Ice Beast         Ice/Summ       0%         N/A       99%         3
 Teleport Other           Tloc           0%         N/A       99%         3
 Vampiric Draining        Necr           0%         2d6       99%         3
 Dimensional Bullseye     Hex/Tloc       0%         N/A       100%        4
 Flame Wave               Conj/Fire      0%         2d4       100%        4
 Leda's Liquefaction      Alch/Erth      0%         N/A       100%        4
 Olgreb's Toxic Radiance  Alch           0%         N/A       100%        4
 Petrify                  Alch/Erth      0%         N/A       100%        4
 Sticky Flame             Fire/Alch      0%         2d4       100%        4
 Summon Blazeheart Golem  Fire/Summ      0%         N/A       100%        4
 Alistair's Intoxication  Alch           0%         N/A       100%        5
 Iskenderun's Battlesphe  Conj           0%         2d6       100%        5
 Lee's Rapid Deconstruct  Erth           0%         3d4*      100%        5
 Summon Mana Viper        Hex/Summ       0%         N/A       100%        5
 Bombard                  Conj/Erth      0%         9d1       100%        6
 Summon Cactus Giant      Summ           0%         N/A       100%        6
 Monstrous Menagerie      Summ           0%         N/A       100%        7
 Orb of Destruction       Conj           0%         9d5       100%        7
 Spellforged Servitor     Conj/Summ      0%         N/A       100%        7
 Summon Hydra             Summ           0%         N/A       100%        7
 Sublimation of Blood     Necr           Unusable   N/A       N/A         2

Dungeon Overview and Level Annotations

Branches:
Dungeon (15/15)            Temple (1/1) D:4            Lair (5/5) D:8
 Shoals (4/4) Lair:3       Spider (3/4) Lair:2        Slime (0/5) Lair:5
    Orc (2/2) D:9             Elf (0/3) Orc:2        Vaults (0/5) D:14
 Depths (2/4) D:15         Bailey (visited)

Altars:
Ashenzari
Cheibriados
Dithmenos
Elyvilon
Fedhas
Gozag
Hepliaklqana
Kikubaaqudgha
Makhleb
Nemelex Xobeh
Okawaru
Qazlal
Ru
Sif Muna
Trog
Uskayaw
Vehumet
Wu Jian
Xom
Yredelemnul
Zin
The Shining One
Jiyva

Shops:
D:3 *   D:8 (   D:15 :   Orc:1 :   Orc:2 :[(*   Shoals:4 *   Depths:1 (

Portals:
Hell: Depths:1 Depths:2
Pandemonium: Depths:1 Depths:2

Annotations:
D:8 exclusion: downstairs
D:9 exclusion: electric eel
D:10 1 runed translucent door, Frank's ghost, journeyman DsFi
D:13 exclusion: downstairs
Lair:2 exclusion: door
Lair:3 exclusion: downstairs
Lair:4 exclusion: 2 downstairs
Lair:5 exclusion: 2 doors
Shoals:2 exclusions: kraken and 3 more exclusions
Shoals:3 exclusion: downstairs
Orc:1 3 runed translucent doors, exclusion: 3 doors, Jequtal's ghost, journeyman MiBe; arta456's ghost, journeyman DgCj
Depths:2 exclusion: door


Innate Abilities, Weirdness & Mutations

You are a living statue of rough stone.
Your actions are slow, but your melee attacks are powerful.
You are resistant to unholy torment.
Your maximum health is greatly increased.
Your equipment is partially melded.
You are immune to poison.
You have a pair of horns on your head.
You reflexively headbutt those who attack you in melee.


Message History

You block the stone giant's attack.
An ettin comes into view. It is wielding two +0 dire flails.
The living spell casts itself at you. Something smites you!
* * * LOW HITPOINT WARNING * * *
The living spell casts itself at you. Something smites you!
* * * LOW HITPOINT WARNING * * *
The living spell casts itself at you. Something smites you!
* * * LOW HITPOINT WARNING * * *
The walking divine tome erupts in a flurry of living spells!
The stone giant attacks as it pursues you!
The stone giant completely misses you.
The walking divine tome erupts in a flurry of living spells!
The stone giant closely misses you. You furiously retaliate!
You headbutt the stone giant!!
You kill the stone giant!
The stone giant's corpse shimmers and vanishes!
The walking divine tome erupts in a flurry of living spells!
You block the stone giant's attack.
A fire giant comes into view.
It is wielding a +2 great sword of flaming.
The living spell casts itself at you. Something smites you!
* * * LOW HITPOINT WARNING * * *
The living spell casts itself at you. Something smites you!
* * * LOW HITPOINT WARNING * * *
The living spell casts itself at you. Something smites you!
* * * LOW HITPOINT WARNING * * *
The living spell casts itself at you. Something smites you!
* * * LOW HITPOINT WARNING * * *
The living spell casts itself at you. Something smites you!
* * * LOW HITPOINT WARNING * * *
The living spell casts itself at you. Something smites you!
You die...

..# #...###'###..##
### ..#
#........*....##
...# ..#
#...###..;##(..##
#.. ..# #...#
#...#C##..###'###..
.[#######...#
#..C.###.C.D....R.#
.)..[.......#
#.;R## #...########
............# #.C.#
#...#
..........).###.C.#
#...#
..#######...##..8.#
#...# ..#
#....##...# #...#
..# ##8.8.##...#
#...# ..#
#..>..##...# #...#
..# #.8.8###...#
..# #....# #<..#
..# ##...# #...#
..# #...# #...# ..#
#...# #..(#


You could see 2 walking divine tomes, a fire giant, a stone giant, 2 ettins, a
rakshasa and a living smiting commandment (summoned).

Vanquished Creatures
  Bai Suzhen (Depths:1)
  Boris (Depths:1)
  Saint Roka (Orc:2)
  3 liches
  A tentacled monstrosity (Depths:1)
  A walking divine tome (Depths:2)
  A quicksilver dragon (Depths:2)
  Frances (Shoals:2)
  A sphinx (Depths:2)
  Polyphemus (Shoals:2)
  2 azure jellies (Lair:5)
  2 fire giants (Depths:2)
  Aizul (Shoals:1)
  5 frost giants
  An emperor scorpion (Spider:2)
  3 ghost moths
  Louise (Shoals:2)
  2 broodmothers (Spider:3)
  3 quicksilver oozes (Lair:5)
  5 stone giants
  8 very ugly things
  2 vampire knights (Depths:2)
  2 spark wasps
  6 merfolk impalers
  3 merfolk javelineers
  Josephine (D:10)
  3 entropy weavers (Spider:3)
  3 ettins
  2 fire dragons (Depths:2)
  Erolcha (D:13)
  2 great orbs of eyes
  Fannar (D:10)
  2 ice dragons (Depths:2)
  A spriggan air mage (Depths:2)
  3 hydras
  4 rakshasas
  2 catoblepae
  3 merfolk avatars
  A hell beast (Depths:1)
  2 ogre magi
  2 death knights
  A jorogumo (Spider:2)
  8 merfolk aquamancers
  2 satyrs (Shoals:3)
  An orc high priest (Orc:2)
  9 centaur warriors
  10 death yaks
  9 two-headed ogres
  A spriggan berserker (Depths:2)
  5 boulder beetles
  2 deep troll earth magi (Depths:2)
  3 deep troll shamans (Depths:2)
  4 tengu warriors
  A vampire mage (Depths:1)
  A soul eater (Depths:2)
  9 demonic crawlers
  5 pharaoh ants
  2 iron trolls (Depths:2)
  2 sixfirhies (Depths:2)
  A skeletal warrior (D:9)
  4 sea snakes
  6 skysharks
  Lodul (D:12)
  4 orb spiders
  8 deep trolls (Depths:2)
  6 harpies
  A mana viper (shapeshifter) (D:15)
  3 sun moths (Spider:2)
  6 orc knights
  A lindwurm (Lair:4)
  4 cyclopes
  20 wolf spiders
  A deep elf pyromancer (D:12)
  7 fauns
  4 orc sorcerers (Orc:2)
  33 ugly things
  12 manticores
  A meliai (shapeshifter) (D:9)
  7 merfolk sirens
  9 meliai
  7 black mambas
  6 elephants
  7 kobold blastminers
  11 cane toads
  5 water nymphs
  A gargoyle (D:12)
  7 torpor snails
  3 unseen horrors
  2 rime drakes
  2 kobold demonologists
  7 tengu conjurers
  An efreet (D:14)
  8 komodo dragons
  3 freezing wraiths
  7 polar bears
  A queen bee (Spider:2)
  3 wind drakes
  10 trolls
  29 merfolk
  15 tarantellas
  18 blink frogs
  A hornet (D:7)
  4 dream sheep (Shoals:3)
  7 snapping turtles
  15 slime creatures
  4 vampires
  20 jumping spiders
  20 culicivoras
  8 wraiths
  62 yaks
  15 water elementals
  12 wyverns
  A basilisk (shapeshifter) (D:15)
  8 basilisks
  A warg (Orc:1)
  6 steam dragons
  43 redbacks
  A redback (shapeshifter) (Depths:2)
  21 vampire mosquitoes
  16 water moccasins
  An acid dragon (D:13)
  An ice beast (D:6)
  A black bear (Lair:4)
  45 orc warriors
  A sky beast (D:7)
  16 ogres
  14 wolves
  22 centaurs
  2 phantoms
  4 kobold brigands
  13 bullfrogs
  6 gnoll sergeants
  6 scorpions
  14 wights
  19 killer bees
  6 howler monkeys
  A bombardier beetle (D:6)
  8 jellies
  3 hounds
  18 orc priests
  A gnoll bouda (D:9)
  2 sleepcaps
  28 orc wizards
  6 hell rats (Lair:2)
  Robin (D:4)
  21 gnolls
  17 adders
  2 ufetubi (D:7)
  3 dart slugs
  78 orcs
  7 bats
  4 endoplasms
  6 giant cockroaches
  6 hobgoblins
  11 jackals
  3 quokkas
  3 ball pythons (D:1)
  5 frilled lizards
  14 goblins
  13 kobolds
  7 rats
1162 creatures vanquished.

Vanquished Creatures (others)
  A very ugly thing (Depths:2)
  An occultist (Depths:1)
  A komodo dragon (Lair:3)
  A blink frog (Lair:3)
  A bullfrog (Lair:3)
  An orc wizard (Orc:2)
6 creatures vanquished.

Grand Total: 1168 creatures vanquished

Notes
Turn   | Place    | Note
-------+----------+-------------------------------------------
     0 | D:1      | nightchill the Minotaur Fighter began the quest for the
                  | Orb.
     0 | D:1      | Reached XP level 1. HP: 19/19 MP: 0/0
   384 | D:1      | Reached XP level 2. HP: 27/27 MP: 1/1
   837 | D:2      | Reached XP level 3. HP: 29/33 MP: 2/2
   942 | D:2      | Identified the +3 hand axe "Ladimmuj" {distort, rF+ rCorr
                  | Int+3}
  1104 | D:2      | Reached XP level 4. HP: 40/41 MP: 3/3
  1245 | D:3      | Found Eruoq's Assorted Antiques.
  1357 | D:3      | Found a bloodstained altar of Trog.
  1395 | D:3      | Reached skill level 5 in Axes
  1616 | D:3      | Reached XP level 5. HP: 47/47 MP: 4/4
  1659 | D:3      | Reached skill level 5 in Fighting
  1909 | D:4      | Found a glowing golden altar of the Shining One.
  1915 | D:4      | Became a worshipper of the Shining One
  1949 | D:4      | Found a staircase to the Ecumenical Temple.
  1958 | D:4      | Got the Encyclopedia of the Several Knives
  1967 | Temple   | Entered the Ecumenical Temple
  1986 | Temple   | Fell from the grace of the Shining One
  1986 | Temple   | Became a worshipper of Elyvilon the Healer
  2337 | D:4      | Identified the +2 helmet of Vehumet's Approval {rPois
                  | Int+3}
  2337 | D:4      | Noticed Robin
  2352 | D:4      | Killed Robin
  2554 | D:4      | Noticed an ogre
  2563 | D:4      | Killed an ogre
  2564 | D:4      | Reached XP level 6. HP: 57/57 MP: 5/5
  2682 | D:5      | Entered Level 5 of the Dungeon
  2682 | D:5      | Reached * piety under Elyvilon
  2727 | D:5      | Found an ornate altar of the Wu Jian Council.
  2808 | D:5      | Found an opulent altar of Gozag.
  2916 | D:5      | Reached XP level 7. HP: 51/64 MP: 6/6
  3101 | D:5      | Found a hazy altar of Hepliaklqana.
  3644 | D:6      | Found a radiant altar of Vehumet.
  3765 | D:6      | Reached XP level 8. HP: 51/73 MP: 7/7
  3926 | D:6      | Reached ** piety under Elyvilon
  3933 | D:6      | Identified the +7 whip of Uschucri {protect, rF- rCorr
                  | Str+8 Int+3}
  4058 | D:6      | Reached skill level 10 in Axes
  4501 | D:6      | Found a sparkling altar of Nemelex Xobeh.
  4844 | D:7      | Found a flagged portal.
  4966 | D:7      | Reached XP level 9. HP: 66/83 MP: 8/8
  5011 | Bailey   | Entered a bailey
  5134 | Bailey   | Identified the +11 orcbow of Distraction {elec, +Blink MP+9
                  | Int+3 Dex-2}
  5146 | Bailey   | Noticed an orc knight
  5155 | Bailey   | Reached skill level 10 in Fighting
  5155 | Bailey   | Killed an orc knight
  5749 | D:7      | Found an iron altar of Okawaru.
  5820 | D:7      | Reached *** piety under Elyvilon
  5840 | D:7      | Found a glowing silver altar of Zin.
  5841 | D:7      | Noticed an angel
  5982 | D:7      | Reached XP level 10. HP: 78/94 MP: 9/9
  6241 | D:8      | Found a stormy altar of Qazlal.
  6241 | D:8      | Found a shadowy altar of Dithmenos.
  6241 | D:8      | Found a shimmering blue altar of Sif Muna.
  6725 | D:8      | Found a staircase to the Lair.
  6766 | D:8      | Found Rualoq's Weapon Boutique.
  6792 | D:8      | Noticed a two-headed ogre
  6812 | D:8      | Reached skill level 15 in Axes
  6815 | D:8      | Killed a two-headed ogre
  7006 | D:8      | Identified the +0 chain mail "Fireipla" {Str+2 Int+9 Dex-3
                  | Stlth+}
  7099 | D:8      | Found a hide-covered altar of Uskayaw.
  7413 | D:9      | Found the +5 robe of Misfortune {Harm *Corrode *Slow EV+5}
  7711 | D:9      | Reached XP level 11. HP: 100/105 MP: 10/10
  7842 | D:9      | Reached **** piety under Elyvilon
  8027 | D:9      | Reached skill level 1 in Invocations
  8215 | D:9      | Noticed a two-headed ogre
  8225 | D:9      | Killed a two-headed ogre
  8226 | D:9      | Reached skill level 5 in Armour
  8392 | D:9      | Found a staircase to the Orcish Mines.
  8857 | D:9      | Reached skill level 5 in Invocations
  8995 | D:9      | Noticed a two-headed ogre
  9001 | D:9      | Killed a two-headed ogre
  9099 | D:9      | Noticed a death knight
  9117 | D:9      | Killed a death knight
  9171 | D:9      | Noticed a skeletal warrior
  9177 | D:9      | Killed a skeletal warrior
  9321 | D:9      | Reached XP level 12. HP: 106/115 MP: 16/16
  9761 | Lair:1   | Entered Level 1 of the Lair of Beasts
 10264 | Lair:1   | Identified the granite talisman of Analysis {rC+}
 10800 | Lair:1   | Identified the +0 chain mail of Perfidy {rPois Dex+3}
 11351 | Lair:2   | Noticed a death yak
 11361 | Lair:2   | Reached skill level 1 in Shapeshifting
 11363 | Lair:2   | Killed a death yak
 11490 | Lair:2   | Found a hole to the Spider Nest.
 12152 | Lair:3   | Reached skill level 10 in Invocations
 12267 | Lair:3   | Noticed a boulder beetle
 12276 | Lair:3   | Killed a boulder beetle
 12277 | Lair:3   | Reached XP level 13. HP: 113/125 MP: 19/19
 12308 | Lair:3   | Reached ***** piety under Elyvilon
 13430 | Lair:3   | Reached skill level 15 in Fighting
 14698 | Lair:4   | Reached skill level 5 in Shapeshifting
 14845 | Lair:5   | Entered Level 5 of the Lair of Beasts
 15165 | Orc:1    | Entered Level 1 of the Orcish Mines
 15194 | Orc:1    | Found Voes's Self-Improvement Boutique.
 15249 | Orc:1    | Found a runed translucent gate.
 15249 | Orc:1    | Found a runed translucent gate.
 15249 | Orc:1    | Found a runed translucent gate.
 15249 | Orc:1    | Noticed Jequtal's ghost (journeyman MiBe)
 15250 | Orc:1    | Noticed arta456's ghost (journeyman DgCj)
 15251 | Orc:1    | Reached ****** piety under Elyvilon
 15551 | Orc:1    | Noticed an ettin
 15552 | Orc:1    | Pacified an ettin
 15823 | Orc:2    | Entered Level 2 of the Orcish Mines
 15823 | Orc:2    | Found a staircase to the Elven Halls.
 16204 | Orc:2    | Reached XP level 14. HP: 90/135 MP: 21/21
 17763 | Orc:2    | Noticed Saint Roka
 17782 | Orc:2    | Killed Saint Roka
 17797 | Orc:2    | Found Gaizyhi's Antique Weapon Emporium.
 17802 | Orc:2    | Found Agit Xish's Antique Armour Emporium.
 17850 | Orc:2    | Found Jyhocuobb's General Store.
 17884 | Orc:2    | Found Qabbierusch's Book Emporium.
 17907 | Orc:2    | Bought a scroll of identify for 26 gold pieces
 17907 | Orc:2    | Bought a scroll of fear for 52 gold pieces
 17907 | Orc:2    | Bought 3 scrolls of identify for 78 gold pieces
 17907 | Orc:2    | Bought a scroll of teleportation for 39 gold pieces
 17908 | Orc:2    | Identified a scroll of acquirement
 17911 | Orc:2    | Acquired the +9 executioner's axe of the Lesser Evil
                  | {freeze, Dex+2}
 18403 | D:10     | Entered Level 10 of the Dungeon
 18407 | D:10     | Noticed Fannar
 18429 | D:10     | Killed Fannar
 18605 | D:10     | Found a sacrificial altar of Ru.
 19141 | D:10     | Reached skill level 10 in Shapeshifting
 19188 | D:10     | Noticed Josephine
 19362 | D:10     | Found a runed translucent door.
 19362 | D:10     | Found a shimmering altar of Xom.
 19362 | D:10     | Noticed Frank's ghost (journeyman DsFi)
 19668 | D:10     | Killed Josephine
 21131 | Lair:5   | Found a viscous altar of Jiyva.
 21132 | Lair:5   | Found a staircase to the Slime Pits.
 21272 | Lair:5   | Reached XP level 15. HP: 136/141 MP: 22/22
 21352 | Lair:5   | Identified the ring "Nuduil" {rElec rF+ rC++ Dex-4 Stlth+}
 21361 | Lair:5   | Identified the +3 battleaxe of Ymovops {flame, ^Drain rN+++
                  | Str+3 Dex+5}
 21364 | Lair:5   | Identified the ring "Ufeun" {Ice ^Contam Dex+3 SInv}
 21603 | Lair:5   | Noticed an azure jelly
 21612 | Lair:5   | Killed an azure jelly
 21618 | Lair:5   | Noticed an azure jelly
 21624 | Lair:5   | Killed an azure jelly
 21883 | Lair:5   | Found a viscous altar of Jiyva.
 22569 | D:11     | Found a snail-covered altar of Cheibriados.
 23278 | D:12     | Noticed Lodul
 23293 | D:12     | Paralysed by Lodul for 4 turns
 23300 | D:12     | Paralysed by Lodul for 4 turns
 23522 | D:12     | Killed Lodul
 24577 | D:13     | Noticed Erolcha
 24590 | D:13     | Killed Erolcha
 25823 | D:14     | Identified the +0 ring mail of the Barnacle {Harm rElec
                  | Str+3}
 26051 | D:14     | Paralysed by an ogre mage for 2 turns
 26163 | D:14     | Found a huge runed translucent gate.
 26163 | D:14     | Found a huge runed translucent gate.
 26163 | D:14     | Found a huge runed translucent gate.
 26163 | D:14     | Found a huge runed translucent gate.
 26163 | D:14     | Found a huge runed translucent gate.
 26163 | D:14     | Found a huge runed translucent gate.
 26163 | D:14     | Found a huge runed translucent gate.
 26196 | D:14     | Found a gate to the Vaults.
 26283 | D:14     | Found a huge runed translucent gate.
 26283 | D:14     | Found a huge runed translucent gate.
 26284 | D:14     | Found a huge runed translucent gate.
 26285 | D:14     | Found a huge runed translucent gate.
 26285 | D:14     | Found a huge runed translucent gate.
 26287 | D:14     | Found a huge runed translucent gate.
 26294 | D:14     | Found a huge runed translucent gate.
 26294 | D:14     | Found a huge runed translucent gate.
 26294 | D:14     | Found a huge runed translucent gate.
 26295 | D:14     | Found a huge runed translucent gate.
 26297 | D:14     | Found a huge runed translucent gate.
 26299 | D:14     | Found a huge runed translucent gate.
 26304 | D:14     | Found a huge runed translucent gate.
 26305 | D:14     | Found a huge runed translucent gate.
 26306 | D:14     | Found a huge runed translucent gate.
 26307 | D:14     | Found a huge runed translucent gate.
 26308 | D:14     | Found a huge runed translucent gate.
 26309 | D:14     | Found a huge runed translucent gate.
 26309 | D:14     | Found a huge runed translucent gate.
 26313 | D:14     | Found a huge runed translucent gate.
 26314 | D:14     | Found a huge runed translucent gate.
 26315 | D:14     | Found a huge runed translucent gate.
 26315 | D:14     | Found a huge runed translucent gate.
 26317 | D:14     | Found a huge runed translucent gate.
 26318 | D:14     | Found a huge runed translucent gate.
 26319 | D:14     | Found a huge runed translucent gate.
 26320 | D:14     | Found a huge runed translucent gate.
 26320 | D:14     | Found a huge runed translucent gate.
 26324 | D:14     | Found a huge runed translucent gate.
 26552 | D:15     | Entered Level 15 of the Dungeon
 26667 | D:15     | Found Folez's Book Shop.
 26745 | D:15     | Found a staircase to the Depths.
 26900 | D:15     | Reached XP level 16. HP: 134/149 MP: 23/23
 27445 | D:14     | Noticed a storm dragon
 27445 | D:14     | Noticed a sphinx
 27781 | Spider:1 | Entered Level 1 of the Spider Nest
 29201 | Spider:1 | Reached skill level 15 in Shapeshifting
 32138 | Spider:3 | Reached XP level 17. HP: 157/158 MP: 25/25
 32216 | Spider:3 | Acquired the amulet of Vitality {RegenMP++ Regen++}
 32216 | Spider:3 | Found the amulet of Vitality {RegenMP++ Regen++}
 33380 | Shoals:1 | Entered Level 1 of the Shoals
 33914 | Shoals:1 | Identified the serpent talisman of Hospitality {+Blink
                  | Will++}
 33914 | Shoals:1 | Noticed Aizul
 33934 | Shoals:1 | Killed Aizul
 34985 | Shoals:2 | Noticed Louise
 35005 | Shoals:2 | Noticed Polyphemus
 35010 | Shoals:2 | Killed Louise
 35017 | Shoals:2 | Killed Polyphemus
 35256 | Shoals:2 | Noticed Frances
 35267 | Shoals:2 | Reached skill level 5 in Shields
 35288 | Shoals:2 | Killed Frances
 35637 | Shoals:2 | Noticed a kraken
 36043 | Shoals:3 | Identified the +3 pair of boots of the Dwarven Hall {rPois}
 37298 | Shoals:4 | Entered Level 4 of the Shoals
 37605 | Shoals:4 | Identified the ring "Jimek" {rElec rC+ Will+ Str+2 Int-3}
 37827 | Shoals:4 | Found Abbofut's General Store.
 38120 | Shoals:4 | Reached XP level 18. HP: 82/171 MP: 26/26
 38121 | Shoals:4 | HP: 8/222 [alligator snapping turtle collision (17)]
 38121 | Shoals:4 | Elyvilon protects you from harm!
 38697 | Depths:1 | Entered Level 1 of the Depths
 38744 | Depths:1 | Found a one-way gate leading to the halls of Pandemonium.
 39073 | Depths:1 | Found Cueggee's Firing Range.
 39172 | Depths:1 | Noticed Bai Suzhen
 39181 | Depths:1 | Noticed a lich
 39197 | Depths:1 | Killed Bai Suzhen
 39205 | Depths:1 | Killed a lich
 39242 | Depths:1 | Noticed a tentacled monstrosity
 39255 | Depths:1 | Killed a tentacled monstrosity
 39319 | Depths:1 | Reached skill level 10 in Shields
 39329 | Depths:1 | Found a gateway to Hell.
 39960 | Depths:2 | Noticed a lich
 39961 | Depths:2 | Noticed a lich
 39973 | Depths:2 | Killed a lich
 39982 | Depths:2 | Killed a lich
 40114 | Depths:2 | Noticed Boris
 40132 | Depths:1 | Killed Boris
 40925 | Depths:2 | Identified the +1 helmet of Hies {rElec}
 40983 | Depths:2 | Identified the +3 long sword of Doors {antimagic, Int+3}
 41022 | Depths:2 | HP: 10/226 [living spell/divine providence[a walking divine
                  | tome] (11)]
 41022 | Depths:2 | Killed from afar by a living spell

Illustrated notes

Levels and vault maps discovered:
D:1:      heliophobic_arrival_dark_side_of_the_moon, layout_basic
D:2:      layout_rooms
D:3:      layout_rooms, bloody_trog, serial_curves, eino_curves_02,
          eino_curves_03, eino_curves_01, serial_shops, shop
D:4:      layout_loops_ring, nicolae_tso_swordbearing_angel,
          minmay_temple_entry_offerings, minivault_1, uniq_robin
D:5:      layout_gridville, nicolae_gozag_seed_capital, kennysheep_little_box,
          lemuel_doored_altar, minmay_misc_feat_diagonals, roderic_st_hans_cross
D:6:      layout_cave_pools, mainiacjoe_overflow_large_starburst, sigmund_army
D:7:      layout_basic, okawaru_trees_2, zin_angel, enter_bailey_5
D:8:      layout_rooms, nicolae_uskayaw_suspiria,
          chequers_temple_overflow_statue_of_worship,
          due_lair_maze_entry_diamond, serial_shops, shop,
          minmay_fractal_squares_diagonal_5
D:9:      nzn_winding_woodlands_medium [nzn_winding_woodlands_5x5_checkerboard,
          nzn_winding_woodlands_5x15_eye, nzn_winding_woodlands_5x5_default,
          nzn_winding_woodlands_5x5_closed_star,
          nzn_winding_woodlands_center_pierced_h,
          nzn_winding_woodlands_5x5_default, nzn_winding_woodlands_hourglass,
          nzn_winding_woodlands_5x15_pathside_ponds,
          nzn_winding_woodlands_5x5_cross], layout_basic,
          kennysheep_orc_monster_closet_entryway, serial_bayou,
          serial_bayou_pond_b, serial_bayou_pond_b, serial_bayou_pond_d,
          serial_bayou_pond_b
D:10:     layout_irregular_city, mainiacjoe_overflow_concentric_impassable,
          ebering_ghost_xom, kennysheep_kite_vault, uniq_josephine, uniq_fannar
D:11:     layout_loops_cross, kennysheep_slug_shrine
D:12:     layout_rooms, minmay_crystal_room, uniq_lodul
D:13:     layout_loops_cross, gauntlet_entry_generic, serial_co_window_serial,
          co_window_of_opportunity_a, co_window_corner_a,
          co_window_of_opportunity_a, co_window_paths_a, co_window_paths_a,
          co_window_of_opportunity_a, co_window_paths_a, co_window_paths_a,
          co_window_paths_b, co_window_corner_ca, co_window_2corner,
          co_window_2corner, co_window_sun, co_window_paths_d, glass_columns_b,
          glass_columns_a, glass_columns_a, glass_columns_a, uniq_erolcha
D:14:     layout_cave_pools, david_vaults_2, door_vault
D:15:     gammafunk_enter_depths_forms, layout_basic, serial_aquarium,
          aquarium_bridge_long_separate [aquarium_subvault_bridge,
          aquarium_subvault_wall, aquarium_subvault_wall,
          aquarium_subvault_bridge, aquarium_subvault_bridge,
          aquarium_subvault_wall], aquarium_window_1, aquarium_window_fake,
          aquarium_window_1, aquarium_window_fake, aquarium_view_2c,
          dreamdust_mushroom_princess, serial_shops, shop
Temple:   nicolae_temple_ecumenical_triangle
Lair:1:   layout_long_grid, chequers_serial_rivers_micro_b, minivault_26
Lair:2:   layout_regular_city, spider_nest_entry_web_field,
          pdpol_lair_cabin_in_the_woods
Lair:3:   layout_regular_city, nicolae_shoals_entry_flooding
Lair:4:   minmay_lair_venomous_thicket, layout_regular_city,
          cheibrodos_lair_lostbears
Lair:5:   gammafunk_lair_ancient_temple, layout_cave_shapes, slime_entry_1,
          special_room [special_room_jelly]
Shoals:1: layout_shoals, uniq_aizul
Shoals:2: layout_shoals, uniq_polyphemus, uniq_frances, uniq_ilsuiw, uniq_louise
Shoals:3: layout_shoals
Shoals:4: shoals_end_simple, layout_shoals, serial_shops,
          nicolae_shop_statue_plus
Spider:1: layout_spider_delve
Spider:2: layout_spider_delve, nicolae_looking_at_the_future
Spider:3: layout_chambers
Orc:1:    layout_diamond_mine, gammafunk_ghost_cemetery, nicolae_shop_self_help
Orc:2:    grunt_orc_cross, layout_caves
Depths:1: layout_cave_pools, serial_bayou_pond_c, hell_entry, pan_entry,
          amcnicky_mini_corridor_feature, minmay_misc_feat_encased,
          hangedman_decor_diamond_cutter, nicolae_shop_firing_range,
          uniq_bai_suzhen
Depths:2: minmay_the_grid_octo_triangle [minmay_the_grid_octo_toaster,
          minmay_the_grid_octo_prize_ultimate_mussel_roller,
          minmay_the_grid_octo_fan_narrow], layout_long_grid, enter_ziggurat_e,
          hell_entry, rand_demon_pan_entry_5, evilmike_spriggan_trog_shrine,
          minmay_staircase_statues, uniq_boris

Skill      XL: |  1  2  3  4  5  6  7  8  9 10 11 12 13 14 15 16 17 18 |
---------------+-------------------------------------------------------+-----
Axes           | 3 4 5 6 7 9 11 14 16 18 | 18.0
Fighting       | 4 5 6 7 9 10 12 13 14 15 17 18 | 18.9
Armour         | 4 7 9 |  9.0
Shields        | 4 8 13 | 13.3
Invocations    | 7 10 11 12 | 12.7
Shapeshifting  | 2 7 11 14 15 16 17 | 17.0

Action                     |  1- 3 |  4- 6 |  7- 9 | 10-12 | 13-15 | 16-18 || total
---------------------------+-------+-------+-------+-------+-------+-------++-------
  Melee: War axe           |    96 |   127 |   214 |   542 |  1153 |   356 ||  2488
         Headbutt          |     8 |    14 |    33 |   107 |   252 |   280 ||   694
         Morningstar       |       |       |       |       |    22 |       ||    22
         Broad axe         |       |       |       |       |       |   967 ||   967
  Throw: Dart              |       |     2 |       |     2 |       |    24 ||    28
 Invoke: Heal Self         |       |       |       |     4 |     7 |    24 ||    35
         Purification      |       |       |       |     2 |     3 |     4 ||     9
         Heal Other        |       |       |       |       |     4 |     1 ||     5
         Divine Vigour     |       |       |       |       |     7 |     5 ||    12
  Evoke: Wand              |       |       |       |       |       |     3 ||     3
         Phantom mirror    |       |       |       |       |       |     1 ||     1
    Use: Potion            |       |     1 |     2 |     2 |     2 |     7 ||    14
         Scroll            |       |       |       |     9 |    21 |    23 ||    53
   Stab: Held in net/web   |       |       |       |     1 |       |       ||     1
         Sleeping          |       |       |       |       |     1 |       ||     1
         Distracted        |       |       |       |       |       |     2 ||     2
 Armour: Scale mail        |    82 |    86 |    56 |       |       |       ||   224
         Chain mail        |       |       |    46 |    46 |   774 |       ||   866
         Plate armour      |       |       |    21 |   263 |       |       ||   284
         Skin              |       |       |       |       |   234 |  2317 ||  2551
  Dodge: Dodged            |    49 |    29 |    56 |   131 |   398 |   958 ||  1621
  Block: Buckler           |    24 |    75 |   127 |   174 |   505 |   500 ||  1405
         Reflection        |       |     4 |    22 |     7 |    43 |    32 ||   108
         Tower shield      |       |       |       |       |       |   410 ||   410
   Form: Statue            |       |       |       |       |     4 |     2 ||     6
                           |       |       |       |       |     3 |     2 ||     5
